 Dungeon Crawl Stone Soup version 0.21.1-1-g345015fe64 (webtiles) character file.

38633 Jannitor the Blocker (level 13, -1/130 HPs)
             Began as a Minotaur Fighter on June 14, 2018.
             Was the Champion of Makhleb.
             Splashed by an oklob plant's acid (15 damage)
             ... on level 6 of the Lair of Beasts.
             The game lasted 00:22:10 (16090 turns).

Jannitor the Blocker (Minotaur Fighter)            Turns: 16090, Time: 00:22:12

Health: -1/130     AC:  3    Str: 26    XL:     13   Next: 64%
Magic:  17/17      EV: 16    Int:  9    God:    Makhleb [******]
Gold:   964        SH: 13    Dex: 13    Spells: 12/12 levels left

rFire    + . .     SeeInvis .   a - +4 broad axe of Eternal Vigilance {speed, Int+4}
rCold    + . .     Gourm    .   c - +0 shield
rNeg     . . .     Faith    +   O - +1 scale mail "Pivot" {rElec rPois Stlth+}
rPois    +         Spirit   .   (helmet restricted)
rElec    +         Reflect  .   J - +0 cloak
rCorr    .         Harm     .   T - +2 pair of gloves "Nasuisch" {rC+}
MR       .....     Rnd*Rage +   (no boots)
Stlth    +.........             A - amulet of faith
HPRegen  0.31/turn              q - ring of protection from fire
MPRegen  0.15/turn              w - +3 ring of strength

@: corroded, flying
A: retaliatory headbutt, horns 2, berserk 1, robust 1
a: Minor Destruction, Lesser Servant of Makhleb, Major Destruction, Greater
Servant of Makhleb, Renounce Religion


You were on level 6 of the Lair of Beasts.
You worshipped Makhleb.
Makhleb was exalted by your worship.
You were not hungry.

You visited 3 branches of the dungeon, and saw 19 of its levels.

You collected 964 gold pieces.

Inventory:

Hand Weapons
 a - the +4 broad axe of Eternal Vigilance (weapon) {speed, Int+4}
   (You acquired it on level 11 of the Dungeon)

   Attacks with this weapon are significantly faster.
   It affects your intelligence (+4).
 b - a +1 hand axe of flaming
 x - a +2 war axe
Armour
 c - a +0 shield (worn)
 B - a +0 plate armour
 J - a +0 cloak (worn)
 O - the +1 scale mail "Pivot" (worn) {rElec rPois Stlth+}
   (You found it on level 12 of the Dungeon)

   It insulates you from electricity.
   It protects you from poison.
   It makes you more stealthy.
 T - the +2 pair of gloves "Nasuisch" (worn) {rC+}
   (You found it on level 4 of the Lair of Beasts)

   It protects you from cold.
Jewellery
 e - an uncursed ring of ice
 i - an uncursed ring of stealth
 m - an uncursed ring of flight
 q - a ring of protection from fire (left hand)
 w - a +3 ring of strength (right hand)
 A - an amulet of faith (around neck)
 E - an uncursed ring of poison resistance {unknown}
 R - an uncursed amulet of magic regeneration {unknown}
Wands
 l - a wand of random effects (27)
 o - a wand of polymorph (11)
 s - a wand of flame (71)
 y - a wand of iceblast (19)
 I - a wand of enslavement (54)
 L - a wand of paralysis (11)
 S - a wand of acid (5)
 U - a wand of digging (4)
Scrolls
 j - 2 scrolls of fog
 n - 2 scrolls of enchant weapon
 r - 3 scrolls of remove curse
 t - 4 scrolls of fear
 v - 10 scrolls of identify
 G - 2 scrolls of teleportation
 M - a scroll of enchant armour
 N - a scroll of magic mapping
 P - 4 scrolls of amnesia
Potions
 g - a potion of flight
 h - a potion of brilliance
 k - a potion of might
 p - a potion of heal wounds
 C - a potion of cancellation
 D - a potion of curing
 F - a potion of mutation
 H - a potion of lignification
 W - a potion of berserk rage
Books
 d - a book of Fire

   Spells                             Type                      Level
   a - Ignite Poison                  Fire/Transmutation/Poison    3
   b - Fireball                       Conjuration/Fire             5
   c - Bolt of Fire                   Conjuration/Fire             6
   d - Ring of Flames                 Charms/Fire                  7
   e - Ignition                       Fire                         8
 u - a book of Changes

   Spells                             Type                      Level
   a - Beastly Appendage              Transmutation                1
   b - Sticks to Snakes               Transmutation                2
   c - Spider Form                    Transmutation/Poison         3
   d - Ice Form                       Ice/Transmutation            4
   e - Blade Hands                    Transmutation                5
 z - a book of Party Tricks

   Spells                             Type                      Level
   a - Summon Butterflies             Summoning                    1
   b - Apportation                    Translocation                1
   c - Lesser Beckoning               Translocation                3
   d - Tukima's Dance                 Hexes                        3
   e - Alistair's Intoxication        Transmutation/Poison         5
   f - Invisibility                   Hexes                        6
 Q - a book of Clouds

   Spells                             Type                      Level
   a - Poisonous Vapours              Poison/Air                   2
   b - Mephitic Cloud                 Conjuration/Poison/Air       3
   c - Conjure Flame                  Conjuration/Fire             3
   d - Freezing Cloud                 Conjuration/Ice/Air          6
   e - Ring of Flames                 Charms/Fire                  7
Comestibles
 f - 36 rations


   Skills:
 + Level 12.6 Fighting
 + Level 12.3 Axes
 + Level 12.6 Armour
 + Level 10.8 Dodging
 + Level 12.6 Shields
 + Level 6.9 Invocations


You had 12 spell levels left.
You didn't know any spells.

Dungeon Overview and Level Annotations

Branches:
Dungeon (12/15)            Temple (1/1) D:6            Lair (6/6) D:10
  Swamp (0/4) Lair:4       Spider (0/4) Lair:3        Slime (0/5) Lair:5
    Orc (0/2) D:10

Altars:
Ashenzari
Cheibriados
Dithmenos
Elyvilon
Fedhas
Gozag
Hepliaklqana
Makhleb
Nemelex Xobeh
Okawaru
Qazlal
Ru
Sif Muna
Uskayaw
Vehumet
Wu Jian
Xom
Yredelemnul
Zin
The Shining One

Shops:
D:6 :   D:10 (

Annotations:
D:2 1 runed door
D:5 Mesmodan's ghost, novice MiFi
D:8 Erica
D:12 Jens78's ghost, journeyman DDFi
Lair:6 exclusion: 5 oklob plants


Innate Abilities, Weirdness & Mutations

You reflexively headbutt those who attack you in melee.
You have a pair of horns on your head.
You tend to lose your temper in combat.
You are robust. (+10% HP)


Message History

The oklob plant spits acid at you. The splash of acid hits you!
The acid corrodes you!
You are splashed with acid!
The acid burns!
You see here 5 gold pieces.
The oklob plant spits acid at you. The splash of acid hits you!
The acid corrodes you!
You are splashed with acid!
The acid burns!
The oklob plant spits acid at you. The splash of acid hits you!
The acid corrodes you!
You are splashed with acid!
The acid burns!
The oklob plant spits acid at you. The splash of acid hits you!
* * * LOW HITPOINT WARNING * * *
The acid corrodes you!
You are splashed with acid!
The acid burns!
* * * LOW HITPOINT WARNING * * *
The oklob plant spits acid at you. The splash of acid hits you!
* * * LOW HITPOINT WARNING * * *
You are splashed with acid!
The acid burns!
You die...

####.#. ## .......
#.## .......
##..#######
.......###P..P..$[=#
........##...P.P?P)#
........#....P.[:P$#
#...........P...:P#
####......§§§$"?.$#
#.......§@#######
####......§§§##
#.............#
####.........##
##........# #.#.#
####.....# ....#
#.....# ....#
#....P# ....##
##...##


You could see 4 oklob plants.

Vanquished Creatures
  Erolcha (D:9)
  3 hydras
  5 two-headed ogres
  An unseen horror (D:11)
  8 elephants
  2 black mambas
  8 spiny frogs
  2 rime drakes
  3 komodo dragons (Lair:4)
  A queen bee (D:10)
  7 trolls
  The ghost of denis1488 the Cutter, an amateur HaFi (D:4)
  6 blink frogs
  10 hippogriffs
  4 dream sheep (Lair:4)
  A spriggan (D:9)
  A wyvern (Lair:6)
  Eustachio (D:6)
  4 basilisks
  30 yaks
  10 porcupines
  10 water moccasins
  2 sky beasts
  An ice beast (D:7)
  A swamp drake (D:10)
  A black bear (Lair:4)
  The ghost of Gedi the Skirmisher, an amateur MiAK of Lugonu (D:3)
  4 orc warriors
  2 phantoms
  5 ogres
  40 wolves
  6 centaurs
  10 crocodiles
  Blork the orc (D:5)
  13 bullfrogs
  A gnoll sergeant (D:11)
  A scorpion (D:11)
  A wyvern skeleton (D:10)
  29 killer bees (D:10)
  8 wights
  6 howler monkeys
  4 centaur zombies
  5 electric eels
  5 crimson imps
  A bullfrog zombie (D:11)
  3 hounds
  4 orc priests
  2 centaur skeletons
  10 orc wizards
  3 iguanas
  9 worker ants
  A hound zombie (D:10)
  A hound skeleton (D:6)
  7 gnolls
  A howler monkey skeleton (D:6)
  7 adders
  A shadow imp (D:9)
  3 oozes (D:2)
  An adder zombie (D:5)
  5 adder skeletons
  2 worms
  2 dart slugs
  2 leopard geckos
  44 orcs
  7 giant cockroaches
  5 goblins
  9 hobgoblins
  16 jackals
  5 kobolds
  2 quokkas
  A ball python (D:2)
  4 bats
  2 frilled lizards
  A quokka skeleton (D:6)
  13 rats
  A spectral orc (D:3)
  A fungus (Lair:6)
  A plant (Lair:6)
443 creatures vanquished.

Vanquished Creatures (collateral kills)
  A hydra (Lair:1)
  An elephant (Lair:6)
  A spiny frog (Lair:6)
  A yak (Lair:6)
  A wolf (Lair:6)
  A bullfrog (Lair:1)
6 creatures vanquished.

Vanquished Creatures (others)
  An orc wizard (D:10)
  A plant (Lair:6)
2 creatures vanquished.

Grand Total: 451 creatures vanquished

Notes
Turn   | Place    | Note
-------+----------+-------------------------------------------
     0 | D:1      | Jannitor the Minotaur Fighter began the quest for the Orb.
     0 | D:1      | Reached XP level 1. HP: 19/19 MP: 0/0
   260 | D:1      | Reached XP level 2. HP: 27/27 MP: 1/1
   633 | D:2      | Noticed a howler monkey
   643 | D:2      | Killed a howler monkey
   643 | D:2      | Reached XP level 3. HP: 32/33 MP: 2/2
   658 | D:2      | Reached XP level 4. HP: 38/40 MP: 3/3
   703 | D:2      | Found a shadowy altar of Dithmenos.
  1078 | D:2      | Found a runed door.
  1543 | D:3      | Noticed Gedi's ghost (amateur MiAK)
  1565 | D:4      | Reached XP level 5. HP: 47/47 MP: 4/4
  1587 | D:4      | Found a shattered altar of Ashenzari.
  1589 | D:4      | Found a radiant altar of Vehumet.
  1639 | D:4      | Noticed denis1488's ghost (amateur HaFi)
  1688 | D:4      | Noticed an ogre
  1740 | D:4      | Killed an ogre
  1740 | D:4      | Reached skill level 5 in Fighting
  1740 | D:4      | Reached skill level 5 in Armour
  1740 | D:4      | Reached skill level 5 in Shields
  1971 | D:4      | Reached XP level 6. HP: 52/56 MP: 5/5
  2164 | D:3      | Found a basalt altar of Yredelemnul.
  2676 | D:3      | Killed Gedi's ghost
  2676 | D:3      | Reached skill level 1 in Dodging
  3490 | D:5      | Entered Level 5 of the Dungeon
  3505 | D:5      | Noticed a sky beast
  3848 | D:4      | Killed denis1488's ghost
  3848 | D:4      | Reached skill level 5 in Axes
  3848 | D:4      | Reached XP level 7. HP: 34/62 MP: 6/6
  4364 | D:5      | Noticed Blork the orc
  4380 | D:5      | Killed Blork the orc
  4545 | D:5      | Noticed Mesmodan's ghost (novice MiFi)
  4828 | D:5      | Reached XP level 8. HP: 64/71 MP: 7/7
  4870 | D:6      | Noticed Eustachio
  4893 | D:6      | Killed Eustachio
  5228 | D:6      | Found a staircase to the Ecumenical Temple.
  5241 | Temple   | Entered the Ecumenical Temple
  5461 | Temple   | Became a worshipper of Makhleb the Destroyer
  5503 | D:6      | Found Urphache's Book Emporium.
  6517 | D:8      | Reached XP level 9. HP: 71/79 MP: 8/8
  6571 | D:8      | Noticed Erica
  6582 | D:8      | Reached * piety under Makhleb
  6585 | D:8      | Reached skill level 5 in Dodging
  7005 | D:5      | Found a glowing golden altar of the Shining One.
  7041 | D:5      | Found a white marble altar of Elyvilon.
  7680 | D:9      | Noticed Erolcha
  7684 | D:9      | Killed Erolcha
  7753 | D:9      | Reached XP level 10. HP: 53/90 MP: 9/9
  8121 | D:9      | Found a stormy altar of Qazlal.
  8193 | D:9      | Reached ** piety under Makhleb
  8293 | D:10     | Entered Level 10 of the Dungeon
  8293 | D:10     | Noticed a two-headed ogre
  8347 | D:10     | Found Jiemn's Antique Weapon Shop.
  8486 | D:10     | Found a staircase to the Orcish Mines.
  8499 | D:10     | Gained mutation: You tend to lose your temper in combat. [potion of mutation]
  8499 | D:10     | Gained mutation: You are robust. (+10% HP) [potion of mutation]
  8648 | D:10     | Noticed a two-headed ogre
  8658 | D:10     | Killed a two-headed ogre
  8695 | D:10     | Reached *** piety under Makhleb
  8972 | D:10     | Killed a two-headed ogre
  9113 | D:10     | Reached skill level 10 in Shields
  9127 | D:10     | Reached XP level 11. HP: 106/108 MP: 10/10
  9133 | D:10     | Reached skill level 10 in Fighting
  9154 | D:10     | Reached skill level 10 in Armour
  9201 | D:10     | Reached **** piety under Makhleb
  9206 | D:10     | Reached skill level 1 in Invocations
  9765 | D:10     | Found a staircase to the Lair.
 10527 | D:11     | Noticed a two-headed ogre
 10540 | D:11     | Reached skill level 10 in Axes
 10542 | D:11     | Killed a two-headed ogre
 10856 | D:11     | Noticed a two-headed ogre
 10867 | D:11     | Killed a two-headed ogre
 11060 | D:11     | Killed an unseen horror
 11124 | D:11     | Noticed a two-headed ogre
 11130 | D:11     | Killed a two-headed ogre
 11246 | D:11     | Reached ***** piety under Makhleb
 11869 | D:12     | Noticed Jens78's ghost (journeyman DDFi)
 11874 | D:12     | Got a distressingly furry scale mail
 11891 | D:11     | Identified a scroll of acquirement
 11892 | D:11     | Got a scorched broad axe
 11893 | D:11     | Identified the +4 broad axe of Eternal Vigilance {speed, Int+4} (You acquired it on level 11 of the Dungeon)
 11952 | Lair:1   | Entered Level 1 of the Lair of Beasts
 12131 | Lair:1   | Noticed an eight-headed hydra
 12144 | Lair:1   | Killed a one-headed hydra
 12144 | Lair:1   | Reached XP level 12. HP: 88/121 MP: 13/13
 12262 | Lair:1   | Noticed an eight-headed hydra
 12271 | Lair:1   | Killed a five-headed hydra
 12441 | Lair:1   | Identified the +1 scale mail "Pivot" {rElec rPois Stlth+} (You found it on level 12 of the Dungeon)
 13558 | Lair:3   | Reached skill level 5 in Invocations
 13680 | Lair:3   | Found a hole to the Spider Nest.
 14263 | Lair:4   | Found a staircase to the Swamp.
 14279 | Lair:4   | Reached skill level 10 in Dodging
 14317 | Lair:4   | Reached ****** piety under Makhleb
 14319 | Lair:4   | Reached XP level 13. HP: 128/128 MP: 16/16
 14415 | Lair:4   | Got a pair of faintly humming gloves
 14426 | Lair:4   | Identified the +2 pair of gloves "Nasuisch" {rC+} (You found it on level 4 of the Lair of Beasts)
 15100 | Lair:5   | Found a basalt altar of Yredelemnul.
 15282 | Lair:5   | Found a staircase to the Slime Pits.
 15668 | Lair:6   | Entered Level 6 of the Lair of Beasts
 16058 | Lair:6   | Found the amulet of the Four Winds {rN+ MR+++ Clar}
 16090 | Lair:6   | Splashed by an oklob plant's acid

Skill      XL: |  1  2  3  4  5  6  7  8  9 10 11 12 13 |
---------------+----------------------------------------+-----
Shields        | 4 5 6 7 8 10 11 12 | 12.6
Fighting       | 4 5 6 7 8 9 11 12 | 12.6
Axes           | 3 4 5 6 8 9 10 11 12 | 12.3
Armour         | 4 5 6 7 8 9 11 12 | 12.6
Dodging        | 2 3 4 6 7 9 10 | 10.8
Invocations    | 3 5 6 |  6.9

Action                   |  1- 3 |  4- 6 |  7- 9 | 10-12 | 13-15 || total
-------------------------+-------+-------+-------+-------+-------++-------
Melee: War axe           |    45 |   175 |   252 |   471 |       ||   943
       Headbutt          |     4 |    24 |    56 |   143 |    41 ||   268
       Broad axe         |       |       |       |   185 |   169 ||   354
       Hand axe          |       |       |       |    11 |    15 ||    26
Invok: Minor Destruction |       |       |       |     6 |     1 ||     7
       Lesser Servant of |       |       |       |     1 |     1 ||     2
Evoke: Wand              |       |       |       |     1 |       ||     1
  Use: Scroll            |       |     5 |     4 |    10 |     1 ||    20
       Potion            |       |     2 |     7 |     5 |     2 ||    16
 Stab: Invisible         |       |       |     2 |       |       ||     2
       Distracted        |       |       |       |     1 |       ||     1
  Eat: Chunk             |       |     5 |     6 |     6 |     2 ||    19
       Ration            |       |     1 |     2 |     5 |     1 ||     9
Armor: Chain mail        |    26 |    61 |    96 |    44 |       ||   227
       Plate armour      |       |       |       |   157 |       ||   157
       Skin              |       |       |       |    12 |       ||    12
       Scale mail        |       |       |       |    37 |    31 ||    68
Dodge: Dodged            |     6 |    40 |    80 |   279 |    78 ||   483
Block: Shield            |    16 |    91 |   154 |   470 |   105 ||   836
